SR
GERMANTOWN URUGUAYANS @ MOOSE JAW CANUCKS
09/02/2032
 
TOP OF THE 1ST
Germantown Uruguayans batting - Pitching for Moose Jaw Canucks : RHP Sakutaro Ohayashi
Pitching: RHP Sakutaro Ohayashi
Batting: RHB Joy-shan Kao 0-0: Ball
1-0: Ball
2-0: Called Strike
2-1: Fly out, F8 (Flyball, 8LXD)
Batting: LHB Juan Gutiérrez 0-0: Foul Ball, location: 2F
0-1: Ball
1-1: Fly out, F8 (Flyball, 8RXD)
Batting: RHB Kian Curling 0-0: Ground out 3-1 (Groundball, 34S)
Top of the 1st over - 0 runs, 0 hits, 0 errors, 0 left on base; Germantown 0 - Moose Jaw 0
BOTTOM OF THE 1ST
Moose Jaw Canucks batting - Pitching for Germantown Uruguayans : RHP Yajirobei Matsumoto
Pitching: RHP Yajirobei Matsumoto
Batting: LHB Ramón Padilla 0-0: Called Strike
0-1: Ball
1-1: Ball
2-1: Foul Ball, location: 2F
2-2: Foul Ball, location: 2F
2-2: Ball
3-2: Foul Ball, location: 2F
3-2: Strikes out looking
Batting: RHB Michael Hughes 0-0: Ball
1-0: Swinging Strike
1-1: Ground out 6-3 (Groundball, 6)
Batting: SHB Ricardo Serna 0-0: Foul Ball, location: 2F
0-1: Fly out, F7 (Flyball, 78D)
Bottom of the 1st over - 0 runs, 0 hits, 0 errors, 0 left on base; Germantown 0 - Moose Jaw 0
TOP OF THE 2ND
Germantown Uruguayans batting - Pitching for Moose Jaw Canucks : RHP Gi-hyuk Tang
Pitching: RHP Gi-hyuk Tang
Batting: LHB Lorenzo Trujillo 0-0: SINGLE (Groundball, 4MD)
Batting: RHB José Ortega 0-0: Ball
1-0: Fly out, F8 (Line Drive, 8LD)
Batting: RHB Meester Gobbles-Rooster 0-0: Ball
1-0: Called Strike
1-1: Swinging Strike
1-2: Ball
2-2: Foul Ball, location: 2F
2-2: Strikes out swinging
Batting: LHB Dave Herring 0-0: Called Strike
0-1: Ball
1-1: Ball
2-1: Ball
3-1: Base on Balls
Lorenzo Trujillo to second
Batting: RHB Keizo Yamamoto 0-0: Swinging Strike
0-1: Ball
1-1: Foul Ball, location: 2F
1-2: Foul Ball, location: 2F
1-2: Ball
2-2: Ball
3-2: Base on Balls
Lorenzo Trujillo to third
Dave Herring to second
Batting: RHB Ramón Quezada 0-0: SINGLE (Line Drive, 89S)
Lorenzo Trujillo scores
Dave Herring to third
Keizo Yamamoto to second
Batting: RHB Joy-shan Kao 0-0: Foul Ball, location: 2F
0-1: Foul Ball, location: 2F
0-2: Ball
1-2: Fly out, F4 (Popup, 4MD)
Top of the 2nd over - 1 run, 2 hits, 0 errors, 3 left on base; Germantown 1 - Moose Jaw 0
BOTTOM OF THE 2ND
Moose Jaw Canucks batting - Pitching for Germantown Uruguayans : RHP Yajirobei Matsumoto
Batting: RHB José Ayala 0-0: Called Strike
0-1: Ground out 5-3 (Groundball, 56)
Batting: RHB Qi-chao Di 0-0: Ball
1-0: SINGLE (Line Drive, 9S)
Batting: RHB Dale Doney 0-0: Called Strike
0-1: Fly out, F8 (Line Drive, 8LD)
Batting: RHB Yaakov Shmerkin 0-0: Fly out, F8 (Flyball, 8LD)
Bottom of the 2nd over - 0 runs, 1 hit, 0 errors, 1 left on base; Germantown 1 - Moose Jaw 0
TOP OF THE 3RD
Germantown Uruguayans batting - Pitching for Moose Jaw Canucks : RHP Gi-hyuk Tang
Batting: LHB Juan Gutiérrez 0-0: Swinging Strike
0-1: Called Strike
0-2: Strikes out swinging
Batting: RHB Kian Curling 0-0: Called Strike
0-1: SINGLE (Groundball, 6MD)
Batting: LHB Lorenzo Trujillo 0-0: Called Strike
0-1: Foul Ball, location: 2F
0-2: Ball
1-2: SINGLE (Flyball, 9S)
Kian Curling to second
Kian Curling to third
Batting: RHB José Ortega 0-0: Called Strike
0-1: Ball
1-1: Ball
2-1: Ball
3-1: TRIPLE (Flyball, 7D)
Kian Curling scores
Lorenzo Trujillo scores
Batting: RHB Meester Gobbles-Rooster 0-0: Ball
1-0: Foul Ball, location: 2F
1-1: Ball
2-1: Fly out, F9 (Flyball, 9D)
Runner from 3rd tags up, OUT at HOME
Top of the 3rd over - 2 runs, 3 hits, 0 errors, 0 left on base; Germantown 3 - Moose Jaw 0
BOTTOM OF THE 3RD
Moose Jaw Canucks batting - Pitching for Germantown Uruguayans : RHP Yajirobei Matsumoto
Batting: RHB António Valentín 0-0: Called Strike
0-1: Ball
1-1: SINGLE (Flyball, 89M)
Batting: RHB Bernardo Rodríguez 0-0: Ball
1-0: Called Strike
1-1: Called Strike
1-2: Ground out U3 (Groundball, 34S)
António Valentín to second
Batting: LHB Ramón Padilla 0-0: Ball
1-0: Ground out 4-3 (Groundball, 4)
António Valentín to third
Batting: RHB Michael Hughes 0-0: Ball
1-0: Called Strike
1-1: Foul Ball, location: 2F
1-2: Ground out 6-3 (Groundball, 6)
Bottom of the 3rd over - 0 runs, 1 hit, 0 errors, 1 left on base; Germantown 3 - Moose Jaw 0
TOP OF THE 4TH
Germantown Uruguayans batting - Pitching for Moose Jaw Canucks : RHP Gi-hyuk Tang
Batting: LHB Dave Herring 0-0: Ball
1-0: Ball
2-0: Foul Ball, location: 2F
2-1: Called Strike
2-2: Foul Ball, location: 2F
2-2: Ground out U3 (Groundball, 34)
Batting: RHB Keizo Yamamoto 0-0: Ball
1-0: Ball
2-0: Ball
3-0: Base on Balls
Batting: RHB Ramón Quezada 0-0: Swinging Strike
0-1: Foul Ball, location: 2F
0-2: Ball
1-2: Strikes out looking
Batting: RHB Joy-shan Kao 0-0: Called Strike
0-1: TRIPLE (Flyball, 9D)
Keizo Yamamoto scores
Batting: LHB Juan Gutiérrez 0-0: Fly out, F7 (Flyball, 7S)
Top of the 4th over - 1 run, 1 hit, 0 errors, 1 left on base; Germantown 4 - Moose Jaw 0
BOTTOM OF THE 4TH
Moose Jaw Canucks batting - Pitching for Germantown Uruguayans : RHP Yajirobei Matsumoto
Batting: SHB Ricardo Serna 0-0: Ball
1-0: Foul Ball, location: 2F
1-1: SINGLE (Flyball, 7LS)
Batting: RHB José Ayala 0-0: Foul Ball, location: 2F
0-1: Grounds into double play, 5-4-3 (Groundball, 56)
Batting: RHB Qi-chao Di 0-0: Called Strike
0-1: Fly out, F6 (Line Drive, 6M)
Bottom of the 4th over - 0 runs, 1 hit, 0 errors, 0 left on base; Germantown 4 - Moose Jaw 0
TOP OF THE 5TH
Germantown Uruguayans batting - Pitching for Moose Jaw Canucks : RHP Gi-hyuk Tang
Batting: RHB Kian Curling 0-0: Ball
1-0: Foul Ball, location: 2F
1-1: Ball
2-1: SINGLE (Line Drive, 8LS)
Batting: LHB Lorenzo Trujillo 0-0: Called Strike
0-1: Ball
1-1: Foul Ball, location: 2F
1-2: Ball
2-2: Ball
3-2: SINGLE (Flyball, 89M)
Kian Curling to second
Kian Curling to third
Pitching: RHP António Jiménez
Batting: RHB José Ortega 0-0: Called Strike
0-1: Ball
1-1: Foul Ball, location: 2F
1-2: Foul Ball, location: 2F
1-2: Ball
2-2: Ball
3-2: Fly out, F9 (Flyball, 9D)
Runner from 3rd tags up, SCORES, throw made
Batting: RHB Meester Gobbles-Rooster 0-0: Called Strike
0-1: Ball
1-1: Ball
2-1: Ball
3-1: Base on Balls
Lorenzo Trujillo to second
Batting: LHB Dave Herring 0-0: Called Strike
0-1: Called Strike
0-2: Strikes out swinging
Batting: RHB Keizo Yamamoto 0-0: Called Strike
0-1: Foul Ball, location: 2F
0-2: Foul Ball, location: 2F
0-2: Strikes out looking
Top of the 5th over - 1 run, 2 hits, 0 errors, 2 left on base; Germantown 5 - Moose Jaw 0
BOTTOM OF THE 5TH
Moose Jaw Canucks batting - Pitching for Germantown Uruguayans : RHP Yajirobei Matsumoto
Batting: RHB Dale Doney 0-0: Ball
1-0: Ground out 6-3 (Groundball, 6)
Batting: RHB Yaakov Shmerkin 0-0: Ball
1-0: SINGLE (Line Drive, 56D)
Batting: RHB António Valentín 0-0: Ball
1-0: Foul Ball, location: 2F
1-1: Foul Ball, location: 2F
1-2: Ball
2-2: Ground out 6-3 (Groundball, 6S)
Yaakov Shmerkin to second
Batting: RHB Bernardo Rodríguez 0-0: Ball
1-0: Called Strike
1-1: Ball
2-1: Ball
3-1: Foul Ball, location: 2F
3-2: Strikes out swinging
Bottom of the 5th over - 0 runs, 1 hit, 0 errors, 1 left on base; Germantown 5 - Moose Jaw 0
TOP OF THE 6TH
Germantown Uruguayans batting - Pitching for Moose Jaw Canucks : RHP António Jiménez
Batting: RHB Ramón Quezada 0-0: Ball
1-0: Ball
2-0: Called Strike
2-1: Called Strike
2-2: Ball
3-2: SINGLE (Flyball, 9LS)
Batting: RHB Joy-shan Kao 0-0: Fly out, F9 (Flyball, 9)
Batting: LHB Juan Gutiérrez 0-0: Called Strike
0-1: Swinging Strike
0-2: Fielders Choice at 2nd, 3-6 (Groundball, 3)
Batting: RHB Kian Curling 0-0: Ball
1-0: DOUBLE (Line Drive, 9)
Juan Gutiérrez to third
Runner from 3rd tries for Home, SAFE, no throw
Batting: LHB Lorenzo Trujillo 0-0: Foul Ball, location: 2F
0-1: Called Strike
0-2: Ball
1-2: Fly out, F7 (Flyball, 7S)
Top of the 6th over - 1 run, 2 hits, 0 errors, 1 left on base; Germantown 6 - Moose Jaw 0
BOTTOM OF THE 6TH
Moose Jaw Canucks batting - Pitching for Germantown Uruguayans : RHP Yajirobei Matsumoto
Batting: LHB Ramón Padilla 0-0: Foul Ball, location: 2F
0-1: Ball
1-1: Ground out 4-3 (Groundball, 4D)
Batting: RHB Michael Hughes 0-0: Ball
1-0: Foul Ball, location: 2F
1-1: Ball
2-1: SINGLE (Groundball, 56S) (infield hit)
Batting: SHB Ricardo Serna 0-0: Called Strike
0-1: Ball
1-1: Foul Ball, location: 2F
1-2: SINGLE (Line Drive, 34)
Michael Hughes to second
Batting: RHB José Ayala 0-0: Ball
1-0: Foul Ball, location: 2F
1-1: Ball
2-1: DOUBLE (Flyball, 89D)
Michael Hughes scores
Ricardo Serna to third
Runner from 3rd tries for Home, SAFE, throw made at trailing runner, OUT at third!
Batting: RHB Qi-chao Di 0-0: Called Strike
0-1: Ball
1-1: SOLO HOME RUN (Flyball, 7D), Distance : 388 ft
Batting: RHB Dale Doney 0-0: Called Strike
0-1: Ball
1-1: Ground out 4-3 (Groundball, 4M)
Bottom of the 6th over - 3 runs, 4 hits, 0 errors, 0 left on base; Germantown 6 - Moose Jaw 3
TOP OF THE 7TH
Germantown Uruguayans batting - Pitching for Moose Jaw Canucks : RHP António Jiménez
Batting: RHB José Ortega 0-0: Ball
1-0: Ball
2-0: Ball
3-0: Called Strike
3-1: DOUBLE (Line Drive, 89XD)
Batting: RHB Meester Gobbles-Rooster 0-0: Called Strike
0-1: Called Strike
0-2: Strikes out swinging
Batting: LHB Dave Herring 0-0: Ground out 4-3 (Groundball, 4S)
José Ortega to third
Batting: RHB Keizo Yamamoto 0-0: Called Strike
0-1: Ball
1-1: Swinging Strike
1-2: Fly out, F8 (Flyball, 89M)
Top of the 7th over - 0 runs, 1 hit, 0 errors, 1 left on base; Germantown 6 - Moose Jaw 3
BOTTOM OF THE 7TH
Moose Jaw Canucks batting - Pitching for Germantown Uruguayans : RHP Yajirobei Matsumoto
Batting: RHB Yaakov Shmerkin 0-0: Foul Ball, location: 2F
0-1: Ball
1-1: Foul Ball, location: 2F
1-2: Ball
2-2: Fly out, F7 (Flyball, 78S)
Batting: RHB António Valentín 0-0: Ball
1-0: SINGLE (Groundball, 34D)
Batting: RHB Bernardo Rodríguez 0-0: Called Strike
0-1: Called Strike
0-2: Ball
1-2: Ball
2-2: Fly out, F7 (Line Drive, 7LS)
Batting: LHB Ramón Padilla 0-0: Called Strike
0-1: Swinging Strike
0-2: Strikes out looking
Bottom of the 7th over - 0 runs, 1 hit, 0 errors, 1 left on base; Germantown 6 - Moose Jaw 3
TOP OF THE 8TH
Germantown Uruguayans batting - Pitching for Moose Jaw Canucks : RHP António Jiménez
Batting: RHB Ramón Quezada 0-0: Ball
1-0: Called Strike
1-1: Ball
2-1: Foul Ball, location: 2F
2-2: Strikes out swinging
Batting: RHB Joy-shan Kao 0-0: Ball
1-0: Ball
2-0: Called Strike
2-1: Swinging Strike
2-2: Strikes out swinging
Batting: LHB Juan Gutiérrez 0-0: Called Strike
0-1: Ball
1-1: Swinging Strike
1-2: Foul Ball, location: 2F
1-2: Strikes out swinging
Top of the 8th over - 0 runs, 0 hits, 0 errors, 0 left on base; Germantown 6 - Moose Jaw 3
BOTTOM OF THE 8TH
Moose Jaw Canucks batting - Pitching for Germantown Uruguayans : RHP Yajirobei Matsumoto
Now in CF: Oleg Elin
Batting: RHB Michael Hughes 0-0: Ball
1-0: Ground out 2-3 (Groundball, 15S)
Batting: SHB Ricardo Serna 0-0: Called Strike
0-1: Ball
1-1: Ball
2-1: Foul Ball, location: 2F
2-2: Ball
3-2: Ground out U3 (Groundball, 3L)
Batting: RHB José Ayala 0-0: Ground out 6-3 (Groundball, 6)
Bottom of the 8th over - 0 runs, 0 hits, 0 errors, 0 left on base; Germantown 6 - Moose Jaw 3
TOP OF THE 9TH
Germantown Uruguayans batting - Pitching for Moose Jaw Canucks : RHP António Jiménez
Batting: RHB Kian Curling 0-0: Called Strike
0-1: Swinging Strike
0-2: Ball
1-2: Foul Ball, location: 2F
1-2: Ball
2-2: Ground out 5-3 (Groundball, 56S)
Batting: LHB Lorenzo Trujillo 0-0: Called Strike
0-1: Ball
1-1: Foul Ball, location: 2F
1-2: Foul Ball, location: 2F
1-2: Ball
2-2: Ball
3-2: Fly out, F3 (Popup, 3)
Pitching: RHP Phillip Davis
Batting: RHB José Ortega 0-0: Ball
1-0: Ball
2-0: Called Strike
2-1: Ball
3-1: SINGLE (Groundball, 56D)
Batting: RHB Meester Gobbles-Rooster 0-0: Ball
1-0: Foul Ball, location: 2F
1-1: Swinging Strike
1-2: Ball
2-2: Ball
3-2: Base on Balls
José Ortega to second
Batting: LHB Dave Herring 0-0: Ball
1-0: Called Strike
1-1: SINGLE (Flyball, 9S)
José Ortega to third
Meester Gobbles-Rooster to second
Pinch Hitting: LHB Felipe Dávila 0-0: Foul Ball, location: 2F
0-1: Ball
1-1: Swinging Strike
1-2: Strikes out swinging
Top of the 9th over - 0 runs, 2 hits, 0 errors, 3 left on base; Germantown 6 - Moose Jaw 3
BOTTOM OF THE 9TH
Moose Jaw Canucks batting - Pitching for Germantown Uruguayans : RHP Yajirobei Matsumoto
Now at 1B: Felipe Dávila
Now at 3B: Frans Ambrosius
Batting: RHB Qi-chao Di 0-0: Ball
1-0: Ball
2-0: Foul Ball, location: 2F
2-1: Ball
3-1: DOUBLE (Flyball, 89D)
Pitching: RHP Coy Nice
Batting: RHB Dale Doney 0-0: Called Strike
0-1: Ball
1-1: Ball
2-1: Foul Ball, location: 2F
2-2: Foul Ball, location: 2F
2-2: Ball
3-2: Base on Balls
Batting: RHB Yaakov Shmerkin 0-0: Ball
1-0: Foul Ball, location: 2F
1-1: Ball
2-1: Ball
3-1: Called Strike
3-2: Foul Ball, location: 2F
3-2: Strikes out looking
Batting: RHB António Valentín 0-0: Ball
1-0: Ball
2-0: Grounds into double play, 1-6-3 (Groundball, P)
Bottom of the 9th over - 0 runs, 1 hit, 0 errors, 1 left on base; Germantown 6 - Moose Jaw 3
Wednesday, September 19th, 2018 - OOTP Baseball 18.8 Build 76